 Dungeon Crawl Stone Soup version 0.30.0-5-g1a98f26d00 (webtiles) character file.

Game seed: 6984609041314335658

18 hawla the Firebug (level 3, -3/26 HPs)
             Began as a Meteoran Fire Elementalist on May 12, 2023.
             Slain by a gnoll
             ... wielding a +0 club
              (6 damage)
             ... on level 2 of the Dungeon.
             The game lasted 00:01:40 (211 turns).

hawla the Firebug (Meteoran Fire Elementalist)       Turns: 211, Time: 00:01:41

Health: -3/26      AC:  2    Str: 10    XL:     3   Next: 5%
Magic:  0/8        EV: 12    Int: 18    God:
Gold:   27         SH:  0    Dex: 14    Spells: 5/8 levels left

rFire   . . .        (no weapon)
rCold   . . .        (no shield)
rNeg    . . .        a - +0 robe
rPois   .            (no helmet)
rElec   .            (no cloak)
rCorr   .            (no gloves)
SInv    .            (no boots)
Will    .....        (no amulet)
Stlth   +            (no ring)
HPRegen 0.24/turn    (no ring)
MPRegen 0.11/turn

%: no passive effects
@: very slightly contaminated, glowing
A: sense surroundings 1, otherworldly, glowing, explore regen
a: no special abilities


You were on level 2 of the Dungeon.
You visited 1 branch of the dungeon, and saw 3 of its levels.

You collected 27 gold pieces.

Inventory:

Armour
 a - a +0 robe (worn)
Scrolls
 c - a scroll of enchant armour {unknown}
 d - a scroll of vulnerability {unknown}
 e - a scroll of identify {unknown}
Potions
 b - a potion of magic


   Skills:
 + Level 2.8 Dodging
 - Level 1.4 Stealth
 + Level 3.2 Spellcasting
 + Level 1.3 Conjurations
 + Level 4.0 Fire Magic


You had 5 spell levels left.
You knew the following spells:

 Your Spells              Type           Power      Damage    Failure   Level
a - Foxfire               Conj/Fire      48%        2x1d6     5%          1
b - Scorch                Fire           34%        2d6       4%          2

Your spell library contained the following spells:

 Spells                   Type           Power      Damage    Failure   Level
 Inner Flame              Hex/Fire       10%        N/A       21%         3
 Volatile Blastmotes      Fire/Tloc      20%        2d11      21%         3
 Ignite Poison            Fire/Tmut/Pois 7%         N/A       26%         3
 Flame Wave               Conj/Fire      12%        2d6       45%         4
 Sticky Flame             Conj/Fire      12%        2d4       45%         4
 Ignition                 Fire           8%         3d5       100%        8


Dungeon Overview and Level Annotations

Branches:
Dungeon (3/15) Zot: 1588

Altars:


Innate Abilities, Weirdness & Mutations

You passively map a small area around you.
You are easily found by Zot.
You glow in the dark.
You regain HP and MP as you explore.


Message History

The gnoll hits you with a +0 club.
You climb upwards.
There is a stone staircase leading down here.
Casting: Foxfire (safe; 7% risk of failure)
Confirm with . or Enter, or press ? or * to list all spells.
You miscast Scorch.
You are very lightly contaminated with residual magic.
Nothing appears to happen.
The gnoll misses you.
The gnoll hits you with a +0 whip of distortion!
Unknown command.
Casting: Scorch (safe; 6% risk of failure)
Confirm with . or Enter, or press ? or * to list all spells.
Flames lash the gnoll.
The gnoll is almost dead.
The gnoll's fire resistance burns away.
The gnoll completely misses you. The gnoll closely misses you.
Unknown command.
Casting: Scorch (safe; 6% risk of failure)
Confirm with . or Enter, or press ? or * to list all spells.
You conjure some foxfire!
The gnoll hits you with a +0 whip of distortion.
Space warps around you.
* * * LOW HITPOINT WARNING * * *
The gnoll hits you with a +0 club.
* * * LOW HITPOINT WARNING * * *
Okay, then.
Casting: Foxfire (safe; 7% risk of failure)
Confirm with . or Enter, or press ? or * to list all spells.
Flames lash the gnoll.
The gnoll is burned terribly!
You kill the gnoll!
The foxfire hits the gnoll.
The gnoll is lightly wounded.
The gnoll hits you but does no damage.
Your Fire Magic skill increases to level 4!
You have reached level 3!
Your experience leads to an increase in your attributes!
Increase (S)trength, (I)ntelligence, or (D)exterity?
You feel clever. x2; You feel stronger. The gnoll hits you with a +0 club.
You die...

**
######.............†......[.
,
...........).......####.....
######)...........## #.####
,#.................# *#.#
#.#####.####...##..^..... *,
#.####...#######.### ,
*#.##.......# #.
,,,,#.##g).....# #. , ,
..##>@.....# #. , ,,
..####...#.# #.* * .##
#...#.# * .# #....#.
#####.#. , .# , * * # * * *
*


You could see a gnoll.

Vanquished Creatures
  A gnoll (D:2)
  2 ball pythons (D:2)
  A giant cockroach (D:2)
  A hobgoblin (D:1)
  2 bats (D:2)
  A rat (D:1)
8 creatures vanquished.

Vanquished Creatures (others)
  24 foxfires
24 creatures vanquished.

Grand Total: 32 creatures vanquished

Notes
Turn   | Place    | Note
-------+----------+-------------------------------------------
     0 | D:1      | hawla the Meteoran Fire Elementalist began the quest for
                  | the Orb.
     0 | D:1      | Reached XP level 1. HP: 14/14 MP: 5/5
   158 | D:2      | Reached XP level 2. HP: 20/20 MP: 0/7
   161 | D:2      | Learned a level 2 spell: Scorch
   211 | D:2      | Reached skill level 4 in Fire Magic
   211 | D:2      | Reached XP level 3. HP: 2/26 MP: 0/8
   211 | D:2      | Slain by a gnoll

Illustrated notes

Levels and vault maps discovered:
D:1:      scummos_arrival_gate, layout_basic
D:2:      layout_loops_ring, basic_altar
D:3:      layout_basic, ebering_ecumenical_altar_box

Skill      XL: |  1  2 |
---------------+-------+-----
Spellcasting   | 3 |  3.2
Fire Magic     | 4 |  4.0
Dodging        | |  2.8
Stealth        | |  1.4
Conjurations   | |  1.3

Action                     || total
---------------------------++-------
  Melee: Unarmed           ||     6
   Cast: Foxfire           ||    15
         Scorch            ||     2
 Armour: Robe              ||     7
  Dodge: Dodged            ||    12
